AoeStats
← BOLAEXTRA

Arabia

510423017Analyzed
1v1 RM · 1d ago on Sep 30, 2026· 20m 9s· 2 players
Game mode
Random Map
Map size
Tiny (2 player)
Population
200
Speed
Normal
Resources
Standard
Victory
Conquest
Starting age
Dark Age
Ending age
Imperial Age
RankedLock teamsTeams togetherTeam positionsShared explorationLock speedFull tech treeHidden civsTurbo modeCheats
Victory
Defeat
🇧🇷 Inca · Brazil
1023
+16
🇦🇷 Armenians · Argentina
1028
-16
ZAN ZAN!
7:28 Loom
10:13 Feudal Age
10:47 Champi Runner
19:05 Double-Bit Axe
19:11 Gold Mining
19:02 Horse Collar
19:47 Fletching
BOLAEXTRA
8:16 Loom
10:26 Feudal Age
18:51 Castle Age
Connection lost

Rejoining the realm…

Still unreachable

The connection could not be restored.

Session expired

The server has moved on; the page needs a fresh start.